 Dungeon Crawl Stone Soup version 0.21.1-1-g345015f (webtiles) character file.

2567 nicolaieve the Cleaver (level 9, -3/78 (79) HPs)
             Began as a Minotaur Berserker on June 10, 2018.
             Was an Elder of Trog.
             Slain by a two-headed ogre
             ... wielding a +0 giant club
              (20 damage)
             ... on level 8 of the Dungeon.
             The game lasted 00:49:08 (7414 turns).

nicolaieve the Cleaver (Minotaur Berserker)         Turns: 7414, Time: 00:49:11

HP:   -3/78 (79)    AC: 13    Str: 22    XL:     9   Next: 31%
MP:   8/8           EV:  9    Int:  4    God:    Trog [****..]
Gold: 567           SH:  4    Dex: 13    Spells: 8/8 levels left

rFire    . . .     SeeInvis .   a - +0 hand axe
rCold    . . .     Gourm    .   m - +0 buckler
rNeg     . . .     Faith    .   g - +0 chain mail
rPois    .         Spirit   .   (helmet restricted)
rElec    .         Reflect  .   r - +0 cloak
rCorr    +         Harm     .   (no gloves)
MR       .....                  K - +0 pair of boots
Stlth    ..........             (no amulet)
HPRegen  0.23/turn              y - ring of resist corrosion
MPRegen  0.11/turn              p - ring of stealth

@: no status effects
A: retaliatory headbutt, horns 2
a: Berserk, Trog's Hand, Brothers in Arms, Burn Spellbooks, Renounce Religion


You were on level 8 of the Dungeon.
You worshipped Trog.
Trog was greatly pleased with you.
You were not hungry.

You visited 2 branches of the dungeon, and saw 9 of its levels.
You also visited: Ossuary.

You collected 567 gold pieces.

Inventory:

Hand Weapons
 a - a +0 hand axe (weapon)
 f - a +2 whip of electrocution
 i - a +0 flail
 q - a +2 quarterstaff of chaos
 s - a +1 mace of protection
 t - a +0 mace of protection
 E - a +2 whip of flaming
Missiles
 n - 100 stones (quivered)
Armour
 g - a +0 chain mail (worn)
 m - a +0 buckler (worn)
 r - a +0 cloak (worn)
 K - a +0 pair of boots (worn)
Jewellery
 p - a ring of stealth (right hand)
 y - a ring of resist corrosion (left hand)
 B - an uncursed ring of protection from cold
 C - the amulet "Avogeh" {Inacc rC+ Int+3}
   (You found it on level 5 of the Dungeon)

   [amulet of inaccuracy]

   It reduces the accuracy of all your attacks.
   It affects your intelligence (+3).
   It protects you from cold.
 M - an uncursed ring of flight
 T - an uncursed ring of protection from cold
Wands
 D - a wand of acid (13)
 H - a wand of iceblast (8)
 I - a wand of paralysis (10)
Scrolls
 d - a scroll of blinking
 e - 2 scrolls of remove curse
 j - 2 scrolls of amnesia
 l - a scroll of enchant weapon {unknown}
 v - 6 scrolls of teleportation {unknown}
 w - a scroll of fear {unknown}
 Q - 2 scrolls of fog {unknown}
 R - a scroll of random uselessness {unknown}
Potions
 b - a potion of berserk rage {unknown}
 h - a potion of degeneration
 k - a potion of cancellation
 o - 3 potions of lignification
 u - 4 potions of brilliance
 x - a potion of might
 z - a potion of magic
 A - 6 potions of curing
 F - 2 potions of haste
 G - a potion of agility {unknown}
 J - 2 potions of heal wounds
 L - a potion of resistance {unknown}
 N - a potion of flight {unknown}
Comestibles
 c - 2 rations


   Skills:
 + Level 7.1 Fighting
 - Level 12.0 Axes
 + Level 7.4 Armour
 - Level 2.3 Dodging
 * Level 2.0 Shields


You had 8 spell levels left.
You didn't know any spells.

Dungeon Overview and Level Annotations

Branches:
Dungeon (8/15)             Temple (1/1) D:4
   Lair: D:8-11

Altars:
Ashenzari
Cheibriados
Dithmenos
Fedhas
Hepliaklqana
Kikubaaqudgha
Makhleb
Nemelex Xobeh
Okawaru
Qazlal
Ru
Sif Muna
Uskayaw
Vehumet
Wu Jian
Xom
Yredelemnul
Zin
The Shining One

Shops:
D:4 [


Innate Abilities, Weirdness & Mutations

You reflexively headbutt those who attack you in melee.
You have a pair of horns on your head.


Message History

You hit the adder zombie. Your headbutt misses the adder zombie.
The adder zombie is severely damaged.
You barely miss the adder zombie.
The adder zombie is severely damaged.
The adder zombie bites you but does no damage.
You hit the adder zombie.
You destroy the adder zombie!
Trog accepts your kill.
A two-headed ogre comes into view. It is wielding two giant clubs.
The two-headed ogre shouts in stereo!
Found a potion of haste.
The two-headed ogre hits you with a giant club!!
The two-headed ogre hits you with a giant club!
You slash the two-headed ogre!
Your headbutt misses the two-headed ogre.
The two-headed ogre is lightly wounded.
The two-headed ogre hits you with a giant club!!
* * * LOW HITPOINT WARNING * * *
The two-headed ogre hits you with a giant club!!
You die...

###########
#..@O....!.
######.#########
.........#.......
#####..........#
##...#.###.#
##.##.###.##
#.#........
#.#<### #...#


You could see a two-headed ogre.

Vanquished Creatures
  Pikel (D:3)
  Eustachio (D:6)
  A hungry ghost (D:7)
  Menkaure (D:6)
  An orc warrior (D:7)
  2 slaves (D:4)
  2 ogres
  A necrophage (D:7)
  A centaur (D:6)
  A bullfrog (D:7)
  A water moccasin zombie (D:7)
  4 wights
  2 crimson imps (D:6)
  A jelly (D:6)
  4 orc priests
  Crazy Yiuf (D:2)
  A bullfrog skeleton (D:6)
  5 orc wizards
  An iguana (D:2)
  Jessica (D:3)
  5 worker ants
  A big kobold zombie (Ossuary)
  8 mummies (Ossuary)
  8 gnolls
  A river rat (D:6)
  9 adders
  A shadow imp (D:6)
  An ooze (D:6)
  An adder zombie (D:8)
  3 adder skeletons
  4 worms
  2 dart slugs
  2 leopard geckos
  20 orcs
  9 bats
  10 giant cockroaches
  A gnoll zombie (Ossuary)
  7 goblins
  7 hobgoblins
  12 jackals
  5 kobolds
  3 quokkas
  A ball python (D:2)
  6 frilled lizards
  2 hobgoblin zombies (Ossuary)
  A kobold zombie (Ossuary)
  3 orc zombies (Ossuary)
  9 rats
175 creatures vanquished.

Notes
Turn   | Place    | Note
-------+----------+-------------------------------------------
     0 | D:1      | nicolaieve the Minotaur Berserker began the quest for the Orb.
     0 | D:1      | Reached XP level 1. HP: 19/19 MP: 0/0
    66 | D:1      | Reached skill level 4 in Axes
    67 | D:1      | Reached XP level 2. HP: 23/27 MP: 1/1
   521 | D:1      | Reached XP level 3. HP: 33/33 MP: 2/2
   645 | D:2      | Reached ** piety under Trog
   708 | D:2      | Reached skill level 5 in Axes
   708 | D:2      | Reached XP level 4. HP: 29/41 MP: 3/3
  1061 | D:2      | Found a runed door.
  1066 | D:2      | Noticed Crazy Yiuf
  1069 | D:2      | Killed Crazy Yiuf
  1069 | D:2      | Reached XP level 5. HP: 47/47 MP: 4/4
  1307 | D:3      | Reached skill level 6 in Axes
  1315 | D:3      | Found a hide-covered altar of Uskayaw.
  1706 | D:3      | Reached *** piety under Trog
  1724 | D:3      | Noticed Jessica
  1731 | D:3      | Killed Jessica
  2206 | D:4      | Found a staircase to the Ecumenical Temple.
  2226 | Temple   | Entered the Ecumenical Temple
  2501 | D:4      | Noticed a slave
  2504 | D:4      | Noticed a slave
  2533 | D:4      | Killed a slave
  2538 | D:4      | Killed a slave
  2573 | D:4      | Found Vaunwup's Antique Armour Boutique.
  2628 | D:4      | Noticed Pikel
  2630 | D:4      | Noticed a slave
  2632 | D:4      | Noticed a slave
  2660 | D:3      | Killed Pikel
  2660 | D:3      | Reached skill level 5 in Fighting
  2660 | D:3      | Reached skill level 8 in Axes
  2660 | D:3      | Reached XP level 6. HP: 6/56 MP: 5/5
  2660 | D:3      | Reached XP level 7. HP: 7/61 MP: 6/6
  3457 | D:5      | Entered Level 5 of the Dungeon
  3466 | D:5      | Reached skill level 9 in Axes
  3728 | D:4      | Reached skill level 5 in Armour
  3784 | D:5      | Reached XP level 8. HP: 23/69 MP: 7/7
  3855 | D:5      | Found a sand-covered staircase.
  3860 | Ossuary  | Entered an ossuary
  3888 | Ossuary  | Reached skill level 10 in Axes
  3891 | Ossuary  | Reached **** piety under Trog
  5001 | D:5      | Got a faintly glowing ivory amulet
  5016 | D:5      | Identified the amulet "Avogeh" {Inacc rC+ Int+3} (You found it on level 5 of the Dungeon)
  5289 | D:6      | Found an ornate altar of the Wu Jian Council.
  5294 | D:6      | Found a sacrificial altar of Ru.
  5298 | D:6      | Found an iron altar of Okawaru.
  5604 | D:6      | Reached skill level 11 in Axes
  5702 | D:6      | Found the +0 Maxwell's etheric cage {RegenMP+ *Contam rElec MP+4}
  5961 | D:6      | Noticed Menkaure
  5973 | D:6      | Killed Menkaure
  6448 | D:6      | Noticed Eustachio
  6461 | D:6      | Killed Eustachio
  6461 | D:6      | Reached XP level 9. HP: 66/78 MP: 8/8
  6708 | D:7      | Reached skill level 12 in Axes
  7194 | D:7      | Reached skill level 1 in Shields
  7410 | D:8      | Noticed a two-headed ogre
  7414 | D:8      | Slain by a two-headed ogre

Skill      XL: |  1  2  3  4  5  6  7  8  9 |
---------------+----------------------------+-----
Axes           | 4 5 8 9 11 12 | 12.0
Fighting       | 4 5 6 7 |  7.1
Armour         | 3 4 5 6 7 |  7.4
Shields        | 2 |  2.0
Dodging        | |  2.3

Action                   |  1- 3 |  4- 6 |  7- 9 || total
-------------------------+-------+-------+-------++-------
Melee: Hand axe          |    61 |   125 |   264 ||   450
       Headbutt          |     8 |    21 |    72 ||   101
Invok: Berserk           |     1 |     2 |     8 ||    11
       Burn Spellbooks   |       |     1 |       ||     1
       Trog's Hand       |       |       |     1 ||     1
  Use: Scroll            |       |     6 |     8 ||    14
       Potion            |       |       |     1 ||     1
  Eat: Chunk             |       |     6 |     5 ||    11
       Ration            |       |     1 |     6 ||     7
Armor: Animal skin       |     1 |       |       ||     1
       Chain mail        |    26 |    86 |   112 ||   224
Dodge: Dodged            |    35 |    51 |    92 ||   178
Block: Buckler           |       |       |     8 ||     8
